AoeStats
← tobinho_125

Black Forest

508049937Analyzed
4v4 RM · 11d ago on Sep 20, 2026· 54m 2s· 8 players
Game mode
Random Map
Map size
Large (8 player)
Population
200
Speed
Normal
Resources
Standard
Victory
Conquest
Starting age
Dark Age
Ending age
Imperial Age
RankedLock teamsTeams togetherTeam positionsShared explorationLock speedFull tech treeHidden civsTurbo modeCheats
Victory
Defeat
🇩🇪 Hindustanis · Germany
933
+14
🇧🇪 Mongols · Belgium
903
+15
🇬🇧 Celts · United Kingdom
900
+16
🇩🇪 Ethiopians · Germany
893
+16
🇦🇷 Italians · Argentina
934
-17
🇵🇪 Franks · Peru
904
-42
🇫🇷 Britons · France
869
-14
🇺🇸 Franks · United States
864
-14
GrabtharHam3598
0:34 Loom
15:10 Feudal Age
22:01 Horse Collar
28:28 Castle Age
26:51 Double-Bit Axe
27:03 Stone Mining
28:36 Gold Mining
28:51 Padded Archer Armor
28:41 Fletching
28:57 Scale Barding Armor
30:53 Wheelbarrow
31:49 Coinage
32:35 Heavy Plow
35:47 Caravan
36:05 Bow Saw
37:49 Hand Cart
39:24 Fortified Wall
39:10 Murder Holes
40:18 Forging
40:05 Bodkin Arrow
40:26 Leather Archer Armor
45:20 Imperial Age
46:13 Iron Casting
45:59 Chain Barding Armor
47:40 Chemistry
46:05 Elite Mangudai
47:07 Drill
47:08 Conscription
47:24 Hoardings
46:53 Bracer
47:16 Ballistics
50:02 Blast Furnace
49:27 Onager
52:49 Banking
51:54 Siege Onager
tobinho_125
6:45 Loom
6:54 Loom
11:36 Feudal Age
17:37 Castle Age
17:10 Double-Bit Axe
19:25 Wheelbarrow
21:04 Bow Saw
22:21 Town Watch
23:13 Hand Cart
25:09 Ballistics
24:46 Gold Mining
24:51 Stone Mining
27:13 Padded Archer Armor
28:53 Scale Barding Armor
29:03 Leather Archer Armor
28:59 Forging
30:39 Caravan
30:56 Horse Collar
31:50 Heavy Plow
35:29 Imperial Age
34:07 Stone Shaft Mining
36:08 Husbandry
36:31 Chain Barding Armor
36:47 Iron Casting
36:02 Fletching
36:35 Murder Holes
38:13 Two-Man Saw
38:17 Chemistry
37:43 Shatagni
37:51 Heavy Camel Rider
38:27 Light Cavalry
39:17 Bloodlines
40:45 Conscription
42:12 Bodkin Arrow
43:55 Hussar
43:56 Imperial Camel Rider
45:23 Plate Barding Armor
44:48 Scale Mail Armor
48:03 Chain Mail Armor
48:48 Blast Furnace
48:18 Ring Archer Armor
47:49 Bracer
49:56 Elite Ghulam
slayopatra
0:29 Loom
11:23 Feudal Age
22:56 Castle Age
23:59 Crossbowman
24:44 Thumb Ring
26:56 Wheelbarrow
33:17 Hand Cart
43:24 Imperial Age
43:23 Ballistics
42:56 Fletching
43:07 Padded Archer Armor
43:29 Arbalester
44:11 Double-Bit Axe
44:08 Horse Collar
46:50 Chemistry
45:48 Bodkin Arrow
46:08 Leather Archer Armor
46:58 Bracer
49:20 Siege Engineers
48:53 Capped Ram
50:35 Ring Archer Armor
50:28 Torsion Engines
50:48 Conscription
50:46 Gold Mining
50:46 Stone Mining
50:53 Stone Mining
52:53 Spies/Treason
Biznatch
5:20 Loom
13:03 Feudal Age
16:06 Double-Bit Axe
18:57 Castle Age
17:27 Scale Mail Armor
18:07 Man-at-Arms
19:27 Long Swordsman
19:53 Gambesons
22:44 Chain Mail Armor
23:30 Arson
25:30 Horse Collar
26:18 Forging
29:03 Iron Casting
30:04 Wheelbarrow
32:07 Bow Saw
32:02 Gold Mining
32:03 Stone Mining
37:14 Imperial Age
34:13 Pikeman
34:37 Treadmill Crane
35:08 Masonry
35:59 Caravan
37:21 Two-Handed Swordsman
38:33 Plate Mail Armor
39:04 Blast Furnace
38:26 Champion
38:58 Fletching
39:08 Padded Archer Armor
40:11 Gold Shaft Mining
40:12 Stone Shaft Mining
40:17 Ballistics
40:58 Chemistry
39:27 Heavy Scorpion
41:52 Siege Engineers
43:06 Conscription
43:43 Halberdier
46:51 Furor Celtica
46:32 Stronghold
Gman2334
1:26 Loom
13:10 Feudal Age
18:00 Castle Age
16:36 Double-Bit Axe
26:27 Light Cavalry
27:59 Gold Mining
29:29 Pikeman
31:43 Wheelbarrow
34:54 Imperial Age
33:07 Squires
34:55 Hand Cart
35:19 Arson
35:20 Gambesons
36:01 Conscription
36:48 Gold Shaft Mining
36:04 Stone Mining
36:08 Halberdier
37:31 Forging
37:23 Scale Mail Armor
37:00 Capped Ram
38:00 Elite Throwing Axeman
39:50 #83
39:47 Husbandry
39:57 Scale Barding Armor
41:53 Iron Casting
41:34 Chain Mail Armor
42:16 Chain Barding Armor
42:17 Cavalier
44:01 Paladin
FoXx
0:28 Loom
13:14 Feudal Age
14:38 Double-Bit Axe
14:36 Horse Collar
16:34 Wheelbarrow
16:47 Gold Mining
22:38 Stone Mining
24:18 Fletching
24:40 Town Watch
27:18 Castle Age
28:43 Bodkin Arrow
29:04 Crossbowman
30:19 Ballistics
29:51 Heated Shot
30:46 Padded Archer Armor
34:45 Hand Cart
36:11 Bow Saw
40:57 Gold Shaft Mining
41:05 Yeomen
42:19 Murder Holes
45:35 Imperial Age
45:37 Elite Longbowman
46:37 Bracer
48:34 Chemistry
49:46 Conscription
LaRBiaN
1:39 Loom
14:20 Feudal Age
16:29 Fletching
17:09 Double-Bit Axe
17:07 Horse Collar
23:02 Gold Mining
23:50 Wheelbarrow
23:55 Stone Mining
27:14 Castle Age
26:14 Padded Archer Armor
27:25 Elite Skirmisher
28:06 Town Watch
28:49 Crossbowman
31:28 Bodkin Arrow
31:59 Hand Cart
35:53 Bow Saw
37:14 Heavy Plow
41:37 Squires
41:36 Arson
47:47 Stone Shaft Mining
Althair
11:02 Feudal Age
12:28 Double-Bit Axe
19:37 Wheelbarrow
22:11 Castle Age
Connection lost

Rejoining the realm…

Still unreachable

The connection could not be restored.

Session expired

The server has moved on; the page needs a fresh start.